 Dungeon Crawl Stone Soup version 0.28.0-49-g6dfe1f597d (console) character file.

Game seed: 10158709191180364864

34932 Banquo the Eclecticist (level 14, -7/102 HPs)
             Began as a Djinni Fire Elementalist on May 19, 2022.
             Was an Initiate of Jiyva.
             Mangled by a boulder beetle (22 damage)
             ... on level 6 of the Lair of Beasts.
             The game lasted 01:26:27 (19823 turns).

Banquo the Eclecticist (Djinni Fire Elementalist)  Turns: 19823, Time: 01:26:27

Health: -7/102     AC: 13    Str:  3    XL:     14   Next: 15%
Gold:   795        EV: 19    Int: 22    God:    Jiyva [......] SH:  5 Dex: 14

rFire   + + .      SeeInvis .   a - +2 dagger (venom)
rCold   + . .      Faith    .   i - +0 buckler
rNeg    . . .      Spirit   .   d - +0 steam dragon scales
rPois   ∞          Reflect  .   j - +1 helmet
rElec   .          Harm     .   e - +0 cloak
rCorr   .          Rampage  .   g - +0 pair of gloves
Will    +....                   (boots unavailable)
Stlth   ++........              u - amulet of the acrobat
HPRegen 0.27/turn               K - +4 ring of evasion
MPRegen 0.00/turn               f - ring of Departure {rC++ AC+4 Str-4}

@: flying
A: sickness immunity, fire resistance 2, cold vulnerability 1, float, innate
caster, HP casting, extra vitality 1
a: Renounce Religion


You were on level 6 of the Lair of Beasts.
You worshipped Jiyva.
Jiyva was noncommittal.
You visited 3 branches of the dungeon, and saw 15 of its levels.
You also visited: Sewer.

You collected 840 gold pieces.
You spent 45 gold pieces at shops.

Inventory:

Hand Weapons
 a - a +2 dagger of venom (weapon)
 b - a +4 spear
 x - a +2 dagger of holy wrath
 B - a +0 hand axe of flaming
 D - a +1 antimagic demon trident
 G - a +2 spear of venom
 N - a +5 falchion
 R - a +2 whip of electrocution
Missiles
 k - 19 poisoned darts
 F - a throwing net
 I - 10 boomerangs
Armour
 d - +0 steam dragon scales (worn)
 e - a +0 cloak (worn)
 g - a +0 pair of gloves (worn)
 i - a +0 buckler (worn)
 j - a +1 helmet (worn)
 y - a +1 ring mail of cold resistance
Jewellery
 f - the ring of Departure (right hand) {rC++ AC+4 Str-4}
   (You acquired it on level 8 of the Dungeon)

   [ring of protection]

   AC:        It affects your AC (+4).
   Str:       It affects your strength (-4).
   rC:        It greatly protects you from cold.
 h - a +4 ring of protection
 u - an amulet of the acrobat (around neck)
 v - a +4 ring of evasion
 A - a ring of ice
 K - a +4 ring of evasion (left hand)
 O - a ring of protection from cold
 P - a +4 ring of protection
Wands
 o - a wand of charming (2)
 r - a wand of iceblast (9)
 C - a wand of digging (6)
Scrolls
 l - 8 scrolls of teleportation
 m - 2 scrolls of immolation {unknown}
 p - 2 scrolls of blinking
 q - a scroll of silence {unknown}
 w - 2 scrolls of vulnerability {unknown}
 z - 2 scrolls of amnesia {unknown}
Potions
 c - 3 potions of haste
 n - a potion of brilliance
 s - 2 potions of berserk rage
 t - 5 potions of curing
 E - a potion of might
 J - 4 potions of heal wounds
 L - a potion of invisibility
 Q - a potion of ambrosia


   Skills:
 * Level 9.8 Fighting
 - Level 2.5 Armour
 - Level 8.0 Dodging
 - Level 1.6 Stealth
 - Level 4.0 Shields
 + Level 15.1 Spellcasting


You had 11 spell levels left.
You knew the following spells:

 Your Spells              Type           Power      Damage    Failure   Level
a - Sting                 Tmut/Pois      100%       1d8       0%          1
b - Scorch                Fire           100%       2d10      0%          2
c - Portal Projectile     Hex/Tloc       100%       N/A       1%          3
d - Inner Flame           Hex/Fire       70%        N/A       1%          3
e - Lesser Beckoning      Tloc           70%        N/A       1%          3
f - Conjure Flame         Conj/Fire      70%        6-21      1%          3
g - Manifold Assault      Tloc           70%        N/A       1%          5
l - Lightning Bolt        Conj/Air       35%        1d53      1%          5
p - Passwall              Tmut/Erth      58%        N/A       0%          2
w - Flame Wave            Conj/Fire      70%        2d13      1%          4
z - Foxfire               Conj/Fire      100%       2x1d9     0%          1
Your spell library was empty.

Dungeon Overview and Level Annotations

Branches:
Dungeon (10/15)            Temple (1/1) D:7            Lair (6/6) D:10
  Slime (0/5) Lair:6        Sewer (visited)
  Swamp: Lair:2-4    Shoals: Lair:2-4     Snake: Lair:2-4    Spider: Lair:2-4
    Orc: D:9-12

Altars:
Ashenzari
Cheibriados
Dithmenos
Elyvilon
Fedhas
Gozag
Hepliaklqana
Kikubaaqudgha
Makhleb
Nemelex Xobeh
Okawaru
Qazlal
Ru
Sif Muna
Trog
Uskayaw
Vehumet
Wu Jian
Xom
Yredelemnul
Zin
The Shining One
Jiyva

Shops:
D:2 (   D:9 ?


Innate Abilities, Weirdness & Mutations

You are immune to sickness and miasma.
You are immune to poison.
Your flesh is very heat resistant. (rF++)
You are vulnerable to cold. (rC-)
You float through the air rather than walking.
You learn spells naturally, not from books.
Your magical power is your life essence.
You have superior vitality. (+4 MHP)


Message History

Press: ? - help, Q - select action, (/) - cycle Dir - look around, f - activate Flames lash the lindwurm.
The lindwurm is burned terribly!
The lindwurm is almost dead.
* * * LOW HITPOINT WARNING * * *
You block the boulder beetle's attack.
The lindwurm bites you but does no damage.
You block the lindwurm's attack. The lindwurm barely misses you.
Casting: Scorch (safe; 0% risk of failure)
Press: ? - help, Q - select action, (/) - cycle Dir - look around, f - activate Flames lash the lindwurm.
The lindwurm is burned terribly!
You kill the lindwurm!
* * * LOW HITPOINT WARNING * * *
The boulder beetle bites you!
* * * LOW HITPOINT WARNING * * *
A bat comes into view.
Casting: Scorch (safe; 0% risk of failure)
Press: ? - help, Q - select action, (/) - cycle Dir - look around, f - activate Flames lash the boulder beetle.
The boulder beetle is burned terribly!
The boulder beetle is moderately wounded.
* * * LOW HITPOINT WARNING * * *
The boulder beetle bites you but does no damage.
Casting: Scorch (safe; 0% risk of failure)
Press: ? - help, Q - select action, (/) - cycle Dir - look around, f - activate Flames lash the boulder beetle but do no damage.
* * * LOW HITPOINT WARNING * * *
The boulder beetle misses you.
Unknown command.
Casting: Scorch (safe; 0% risk of failure)
Press: ? - help, Q - select action, (/) - cycle Dir - look around, f - activate Flames lash the bat.
You kill the bat!
* * * LOW HITPOINT WARNING * * *
The boulder beetle closely misses you.
Casting: Scorch (safe; 0% risk of failure)
Press: ? - help, Q - select action, (/) - cycle Dir - look around, f - activate Flames lash the boulder beetle.
The boulder beetle is burned terribly!
The boulder beetle is moderately wounded.
* * * LOW HITPOINT WARNING * * *
The boulder beetle bites you!!
You die...

.#........#####..##..........##
.............###............##
............####.......#.#...#
#.P.......#.###.....##.####.##
##...##....###.#...##### ###
####.#.P...........#
###...#....#.### #.##.##...##
#..#####.@### #..
######..†B†.###...§.
#...............
#.....#..........
##...#####....... ###### #..#
....... .#...# #... #......
.....### #..# ...... #.#....#
... ......


You could see a boulder beetle (combustible).

Vanquished Creatures
  A boulder beetle (Lair:6)
  5 hydras
  A death yak (Lair:6)
  Urug (Lair:6)
  2 lindwurms (Lair:6)
  A cyclops (D:9)
  2 black mambas (Lair:6)
  10 elephants
  Maggie (D:6)
  8 cane toads
  A rime drake (Lair:1)
  12 komodo dragons
  3 polar bears
  A troll (D:10)
  26 blink frogs
  A dream sheep (Lair:6)
  2 shadows
  A spriggan (Lair:3)
  Sigmund (D:6)
  21 yaks
  A wyvern (D:10)
  2 basilisks
  A steam dragon (D:7)
  4 vampire mosquitoes (D:10)
  Edmund (D:4)
  15 water moccasins
  Pargi (Sewer)
  6 orc warriors
  A necrophage (D:6)
  2 ice beasts
  3 sky beasts
  2 black bears
  4 ogres
  4 centaurs
  17 wolves
  A phantom (D:5)
  2 kobold brigands
  13 bullfrogs
  A gnoll sergeant (D:8)
  A scorpion (D:7)
  A water moccasin zombie (D:5)
  10 killer bees
  5 wights
  5 electric eels
  A howler monkey (D:6)
  2 hounds
  3 jellies
  2 centaur skeletons (D:6)
  8 orc priests
  Jessica (D:2)
  4 iguanas
  14 orc wizards
  A killer bee zombie (D:5)
  A hound zombie (D:5)
  Robin (D:2)
  3 howler monkey zombies
  5 adders
  3 gnolls (D:8)
  A river rat (D:3)
  An adder skeleton (D:4)
  57 orcs
  8 ball pythons
  11 bats
  10 endoplasms
  3 giant cockroaches
  9 goblins
  11 hobgoblins
  6 quokkas
  3 frilled lizards
  15 kobolds
  9 rats
  A foxfire (Lair:2)
398 creatures vanquished.

Vanquished Creatures (collateral kills)
  An orc (D:8)
  A kobold (D:8)
  9 foxfires
11 creatures vanquished.

Vanquished Creatures (others)
  An unseen horror (D:10)
  A dream sheep (Lair:6)
  A water moccasin (Lair:6)
  26 jellies (Lair:6)
  2 bats (Lair:6)
  2 bushes (Lair:6)
  1068 foxfires
  70 fungi
  76 plants
1247 creatures vanquished.

Grand Total: 1656 creatures vanquished

Notes
Turn   | Place    | Note
-------+----------+-------------------------------------------
     0 | D:1      | Banquo the Djinni Fire Elementalist began the quest for the
                  | Orb.
     0 | D:1      | Reached XP level 1. HP: 15/15 MP: 0/0
   227 | D:1      | Reached XP level 2. HP: 14/21 MP: 0/0
   766 | D:1      | Reached skill level 3 in Spellcasting
   898 | D:1      | Reached XP level 3. HP: 23/25 MP: 0/0
   898 | D:1      | Learned a level 1 spell: Sting
  1363 | D:2      | Noticed Robin
  1366 | D:2      | Killed Robin
  1643 | D:2      | Reached XP level 4. HP: 28/31 MP: 0/0
  1705 | D:2      | Found a faded altar of an unknown god.
  2047 | D:2      | Found Woaxaitu's Antique Weapon Boutique.
  2047 | D:2      | Noticed Jessica
  2053 | D:2      | Killed Jessica
  2054 | D:2      | Reached skill level 1 in Fighting
  2256 | D:2      | Reached XP level 5. HP: 32/37 MP: 0/0
  2256 | D:2      | Learned a level 2 spell: Passwall
  2674 | D:3      | Found a glowing drain.
  2711 | Sewer    | Entered a sewer
  2752 | Sewer    | Noticed Pargi
  2771 | Sewer    | Killed Pargi
  2772 | Sewer    | Reached skill level 4 in Spellcasting
  2772 | Sewer    | Reached XP level 6. HP: 23/43 MP: 0/0
  4370 | D:4      | Reached XP level 7. HP: 41/49 MP: 0/0
  4370 | D:4      | Learned a level 3 spell: Portal Projectile
  4380 | D:4      | Reached skill level 5 in Spellcasting
  4681 | D:4      | Noticed Edmund
  4692 | D:4      | Killed Edmund
  4865 | D:4      | Found a shimmering altar of Xom.
  4866 | D:4      | Noticed an angel
  4889 | D:4      | Reached XP level 8. HP: 47/56 MP: 0/0
  4980 | D:4      | Found a glowing silver altar of Zin.
  5130 | D:4      | Found a glowing golden altar of the Shining One.
  5329 | D:5      | Entered Level 5 of the Dungeon
  5438 | D:5      | Reached skill level 6 in Spellcasting
  5697 | D:5      | Reached skill level 1 in Armour
  6458 | D:5      | Found a hide-covered altar of Uskayaw.
  6539 | D:6      | Noticed Sigmund
  6594 | D:6      | Reached skill level 7 in Spellcasting
  6596 | D:6      | Reached XP level 9. HP: 28/62 MP: 0/0
  6596 | D:6      | Learned a level 3 spell: Lesser Beckoning
  7003 | D:6      | Reached skill level 5 in Dodging
  7347 | D:6      | Reached skill level 8 in Spellcasting
  7347 | D:6      | Noticed Maggie
  7359 | D:6      | Killed Maggie
  7381 | D:6      | Killed Sigmund
  7786 | D:7      | Reached XP level 10. HP: 60/69 MP: 0/0
  7897 | D:7      | Found a staircase to the Ecumenical Temple.
  7945 | D:7      | Reached skill level 9 in Spellcasting
  8398 | D:7      | Reached skill level 5 in Fighting
  8591 | D:7      | Found a stormy altar of Qazlal.
  8666 | Temple   | Entered the Ecumenical Temple
  9178 | D:8      | Identified a scroll of acquirement
  9178 | D:8      | Acquired the ring of Departure {rC++ AC+4 Str-4}
 10166 | D:8      | Found a bloodstained altar of Trog.
 10885 | D:9      | Reached skill level 10 in Spellcasting
 11434 | D:9      | Found Mialuenk's Magic Scroll Shop.
 11438 | D:9      | Bought a scroll of teleportation for 45 gold pieces
 11526 | D:9      | Noticed a cyclops
 11533 | D:9      | Killed a cyclops
 11534 | D:9      | Reached skill level 1 in Shields
 11763 | D:9      | Reached XP level 11. HP: 70/76 MP: 0/0
 11763 | D:9      | Learned a level 5 spell: Lightning Bolt
 11992 | D:10     | Entered Level 10 of the Dungeon
 12533 | D:10     | Found an iron altar of Okawaru.
 12675 | D:10     | Found a staircase to the Lair.
 12861 | D:10     | Found a sacrificial altar of Ru.
 12869 | D:10     | Found a shadowy altar of Dithmenos.
 12872 | D:10     | Found a basalt altar of Yredelemnul.
 12874 | D:10     | Found a sparkling altar of Nemelex Xobeh.
 12878 | D:10     | Found a broken altar of Ashenzari.
 13133 | Lair:1   | Entered Level 1 of the Lair of Beasts
 13153 | Lair:1   | Reached skill level 11 in Spellcasting
 13158 | Lair:1   | Noticed a four-headed hydra
 14103 | Lair:1   | Reached XP level 12. HP: 69/84 MP: 0/0
 14107 | Lair:1   | Killed a four-headed hydra
 14801 | Lair:2   | Reached skill level 12 in Spellcasting
 15891 | Lair:2   | Reached skill level 13 in Spellcasting
 16453 | Lair:3   | Reached XP level 13. HP: 71/93 MP: 0/0
 16453 | Lair:3   | Learned a level 5 spell: Manifold Assault
 16539 | Lair:3   | Noticed a four-headed hydra
 16747 | Lair:3   | Noticed a seven-headed hydra
 17071 | Lair:3   | Noticed an eight-headed hydra
 17162 | Lair:3   | Killed an eight-headed hydra
 17234 | Lair:3   | Killed a seven-headed hydra
 17637 | Lair:3   | Noticed a five-headed hydra
 17650 | Lair:3   | Killed a five-headed hydra
 17651 | Lair:3   | Reached skill level 14 in Spellcasting
 17658 | Lair:3   | Killed a four-headed hydra
 17894 | Lair:3   | You are sucked into a shaft and drop 3 floors!
 17894 | Lair:6   | Entered Level 6 of the Lair of Beasts
 17914 | Lair:6   | Noticed a boulder beetle
 17941 | Lair:6   | Killed a boulder beetle
 18137 | Lair:6   | Found a viscous altar of Jiyva.
 18138 | Lair:6   | Found a staircase to the Slime Pits.
 18141 | Lair:6   | Became a worshipper of Jiyva Jywkegg the Shapeless
 18589 | Lair:6   | Noticed a dire elephant
 19156 | Lair:6   | Noticed Urug
 19168 | Lair:6   | Killed Urug
 19431 | Lair:6   | Reached XP level 14. HP: 20/101 MP: 0/0
 19810 | Lair:6   | Reached skill level 15 in Spellcasting
 19823 | Lair:6   | Mangled by a boulder beetle

Illustrated notes

Levels and vault maps discovered:
D:1:      zelgadis_glass_arrival_small, layout_rooms
D:2:      layout_basic, shapermc_ecumenical_altar_gd, serial_shops,
          nicolae_lakefront_shop, uniq_robin, uniq_jessica
D:3:      layout_rooms, gup_sewer_entry_bowl, minmay_pentomino_pile
D:4:      layout_rooms, grunt_temple_overflow_order_and_chaos_1,
          mainiacjoe_overflow_cross_hatched, minivault_23,
          grunt_decor_resistance, chequers_big_river, uniq_edmund
D:5:      layout_loops_ring, nicolae_overflow_hidden_temple,
          minmay_misc_feat_more_columns, hangedman_decor_slide_cut
D:6:      layout_rooms, kennysheep_generic_room_11, uniq_maggie, uniq_sigmund
D:7:      minmay_evil_eye, layout_rooms, nicolae_qazlal_style_of_elements,
          minmay_temple_entry_mini_moons, grunt_decor_cap
D:8:      layout_loops_ring, kennysheep_mini_moat, special_room
          [special_room_orc], water_boxes_lemuel
D:9:      layout_roguey, serial_shops, nicolae_shop_behind_doors,
          corexii_leaking_fountain, lightli_minifort
D:10:     layout_basic, nicolae_overflow_hallway_of_the_gods,
          lemuel_doored_altar, dpeg_oklobed_lair
Temple:   nicolae_temple_figure_zero
Lair:1:   layout_small_grid, infiniplex_staircase_pool, grunt_megastairs_5
Lair:2:   layout_regular_city, nicolae_quartered_pool_impasse,
          beast_lair_carwin_9
Lair:3:   layout_loops_ring, chequers_serial_rivers_micro_e, st_stairs_3,
          forest_entry_grove
Lair:6:   hangedman_lair_in_review, layout_cave_pods,
          dpeg_slime_entry_enclosed_altar, roderic_batcave,
          grunt_forest_large_clearing_hut, uniq_urug

Skill      XL: |  1  2  3  4  5  6  7  8  9 10 11 12 13 14 |
---------------+-------------------------------------------+-----
Spellcasting   | 3 4 5 7 8 10 11 13 14 15 | 15.1
Fighting       | 1 2 3 4 5 6 8 9 |  9.8
Dodging        | 3 4 5 6 7 8 |  8.0
Armour         | 1 2 |  2.5
Shields        | 1 3 4 |  4.0
Stealth        | |  1.6

Action                   |  1- 3 |  4- 6 |  7- 9 | 10-12 | 13-15 || total
-------------------------+-------+-------+-------+-------+-------++-------
Melee: Dagger            |       |       |     1 |    16 |    24 ||    41
 Cast: Foxfire           |    60 |   108 |    96 |   301 |    73 ||   638
       Scorch            |     9 |    21 |    67 |   161 |   123 ||   381
       Conjure Flame     |       |     3 |     9 |    17 |     5 ||    34
       Flame Wave        |       |       |       |    26 |    20 ||    46
       Lightning Bolt    |       |       |       |     2 |       ||     2
       Manifold Assault  |       |       |       |       |    13 ||    13
  Use: Scroll            |       |       |       |    17 |     1 ||    18
       Potion            |       |       |       |       |     1 ||     1
 Stab: Sleeping          |       |       |     1 |       |       ||     1
Armor: Robe              |       |     1 |     3 |       |       ||     4
       Steam dragon scal |       |       |       |    31 |    36 ||    67
Dodge: Dodged            |       |     4 |    36 |   113 |   136 ||   289
Block: Buckler           |       |       |       |    17 |    25 ||    42
